 Dungeon Crawl Stone Soup version 0.21.1-1-g345015f (webtiles) character file.

984 sking99 the Cleaver (level 7, 66/66 HPs)
             Began as a Minotaur Fighter on July 3, 2018.
             Was an Initiate of Makhleb.
             Quit the game on level 4 of the Dungeon.
             The game lasted 00:06:28 (3952 turns).

sking99 the Cleaver (Minotaur Fighter)              Turns: 3952, Time: 00:06:28

Health: 66/66      AC:  7    Str: 21    XL:     7   Next: 97%
Magic:  6/6        EV:  7    Int:  5    God:    Makhleb [......]
Gold:   262        SH:  9    Dex: 11    Spells: 6/6 levels left

rFire    . . .     SeeInvis .   a - +1 war axe
rCold    . . .     Gourm    .   c - +0 shield
rNeg     . . .     Faith    .   b - +1 scale mail
rPois    .         Spirit   .   (helmet restricted)
rElec    .         Reflect  .   (no cloak)
rCorr    .         Harm     .   (no gloves)
MR       .....                  (no boots)
Stlth    ..........             (no amulet)
HPRegen  0.21/turn              (no ring)
MPRegen  0.10/turn              (no ring)

@: no status effects
A: retaliatory headbutt, horns 2
a: Renounce Religion


You were on level 4 of the Dungeon.
You worshipped Makhleb.
Makhleb was noncommittal.
You were very hungry.

You visited 2 branches of the dungeon, and saw 6 of its levels.

You collected 262 gold pieces.

Inventory:

Hand Weapons
 a - a +1 war axe (weapon)
Armour
 b - a +1 scale mail (worn)
 c - a +0 shield (worn)
Jewellery
 l - an uncursed ring of protection from fire {unknown}
 m - an uncursed ring of stealth {unknown}
 w - a +3 amulet of reflection {unknown}
Wands
 g - a wand of iceblast (10)
 y - a wand of acid (9)
Scrolls
 h - a scroll of amnesia
 n - a scroll of blinking
 r - 3 scrolls of enchant armour
Potions
 d - 2 potions of might
 e - 2 potions of brilliance
 q - 2 potions of haste
 s - a potion of heal wounds {unknown}
 t - a potion of curing
 v - 2 potions of experience
 z - a potion of resistance
Comestibles
 f - 6 rations


   Skills:
 + Level 7.3 Fighting
 * Level 9.3 Axes
 - Level 3.6 Armour
 - Level 3.6 Shields


You had 6 spell levels left.
You didn't know any spells.

Dungeon Overview and Level Annotations

Branches:
Dungeon (5/15)             Temple (1/1) D:5

Altars:
Ashenzari
Cheibriados
Dithmenos
Elyvilon
Fedhas
Gozag
Hepliaklqana
Kikubaaqudgha
Makhleb
Nemelex Xobeh
Okawaru
Qazlal
Sif Muna
Trog
Uskayaw
Vehumet
Wu Jian
Xom
Yredelemnul
Zin
The Shining One

Annotations:
D:5 Tallim's ghost, novice DrAE


Innate Abilities, Weirdness & Mutations

You reflexively headbutt those who attack you in melee.
You have a pair of horns on your head.


Message History

You hit Tallim's ghost but do no damage.
You headbutt Tallim's ghost.
Tallim's ghost is moderately damaged.
Tallim's ghost hits you!
You miss Tallim's ghost. Your headbutt misses Tallim's ghost.
Tallim's ghost is moderately damaged.
Tallim's ghost barely misses you. You furiously retaliate!
You headbutt Tallim's ghost, but do no damage.
You miss Tallim's ghost. You headbutt Tallim's ghost.
Tallim's ghost is moderately damaged.
Tallim's ghost casts a spell at you. The zap hits you! The zap misses you.
The zap misses Tallim's ghost.
You block Tallim's ghost's attack.
You climb upwards.
There is a stone staircase leading down here.
You start resting.
You are feeling very hungry.
You start resting.
HP restored.
Are you sure you want to abandon this character and quit the game? (Confirm with "yes".)

..(#........#
#............#####
...#.#....#.#
#.##########......
.......####.# #.#
####### #>##.###
#.# #.# # ..##.#
#.# #.# # ..##.###
#.# #.# # .......#
#.# #.# #
..##.#.####.####.#
.....#..........@#
#..###.####.######
#......####.#
#...........#
#..###.###### #..#
#.# #..# #.## #..#
#..# ### #..# ##.#
##.## ##


There were no monsters in sight!

Vanquished Creatures
  Menkaure (D:5)
  Duvessa (D:5)
  An ice beast (D:5)
  A phantom (D:4)
  An ogre (D:4)
  Dowan (D:5)
  2 crimson imps (D:5)
  A hound (D:2)
  2 orc priests
  An orc wizard (D:4)
  A centaur skeleton (D:5)
  An iguana (D:4)
  3 worker ants (D:4)
  5 adders
  An adder skeleton (D:5)
  5 worms
  10 orcs
  7 bats
  3 giant cockroaches
  2 goblins (D:1)
  6 hobgoblins
  9 jackals
  A quokka (D:4)
  5 frilled lizards
  A jackal skeleton (D:4)
  9 kobolds
  A rat (D:3)
82 creatures vanquished.

Notes
Turn   | Place    | Note
-------+----------+-------------------------------------------
     0 | D:1      | sking99 the Minotaur Fighter began the quest for the Orb.
     0 | D:1      | Reached XP level 1. HP: 19/19 MP: 0/0
   110 | D:1      | Reached skill level 3 in Axes
   187 | D:1      | Reached XP level 2. HP: 27/27 MP: 1/1
   392 | D:2      | You fall through a shaft!
   664 | D:2      | Reached XP level 3. HP: 33/33 MP: 2/2
   733 | D:2      | Reached skill level 4 in Axes
   813 | D:2      | Reached XP level 4. HP: 32/41 MP: 3/3
  1283 | D:3      | Reached skill level 5 in Axes
  1367 | D:3      | Reached skill level 5 in Fighting
  1367 | D:3      | Reached XP level 5. HP: 40/48 MP: 4/4
  1716 | D:4      | Reached skill level 6 in Axes
  1747 | D:4      | Noticed a phantom
  1747 | D:4      | Reached XP level 6. HP: 53/56 MP: 5/5
  1901 | D:4      | Reached skill level 7 in Axes
  2542 | D:5      | Entered Level 5 of the Dungeon
  2619 | D:5      | Reached XP level 7. HP: 63/63 MP: 6/6
  2667 | D:5      | Found a staircase to the Ecumenical Temple.
  2685 | Temple   | Entered the Ecumenical Temple
  2759 | Temple   | Became a worshipper of Makhleb the Destroyer
  2827 | D:5      | Noticed Menkaure
  2834 | D:5      | Killed Menkaure
  2834 | D:5      | Reached skill level 8 in Axes
  3149 | D:5      | Noticed Duvessa
  3150 | D:5      | Noticed Dowan
  3166 | D:5      | Killed Duvessa
  3172 | D:5      | Killed Dowan
  3172 | D:5      | Reached skill level 9 in Axes
  3453 | D:5      | Found a glowing golden altar of the Shining One.
  3519 | D:5      | Noticed Tallim's ghost (novice DrAE)
  3952 | D:4      | Quit the game

Skill      XL: |  1  2  3  4  5  6  7 |
---------------+----------------------+-----
Axes           | 3 4 5 6 7 9 |  9.3
Fighting       | 4 5 6 7 |  7.3
Armour         | |  3.6
Shields        | |  3.6

Action                   |  1- 3 |  4- 6 |  7- 9 || total
-------------------------+-------+-------+-------++-------
Melee: War axe           |    57 |   133 |    51 ||   241
       Headbutt          |    14 |    21 |    10 ||    45
  Use: Scroll            |       |    13 |       ||    13
  Eat: Chunk             |       |     5 |       ||     5
       Ration            |       |       |     1 ||     1
Armor: Scale mail        |    24 |    43 |    14 ||    81
Dodge: Dodged            |    23 |    38 |     9 ||    70
Block: Shield            |    36 |    59 |    22 ||   117
